AoeStats
← Nahrimed

Baltic

511006484Analyzed
4v4 RM · 3h ago on Oct 3, 2026· 28m 21s· 8 players
Game mode
Random Map
Map size
Large (8 player)
Population
200
Speed
Normal
Resources
Standard
Victory
Conquest
Starting age
Dark Age
Ending age
Imperial Age
RankedLock teamsTeams togetherTeam positionsShared explorationLock speedFull tech treeHidden civsTurbo modeCheats
Victory
Defeat
🇹🇷 Vikings · Türkiye
718
+14
🇹🇷 Portuguese · Türkiye
707
+14
🇮🇹 Bohemians · Italy
696
+15
🇵🇹 Persians · Portugal
690
+15
🇰🇷 Malians · South Korea
793
-19
🇺🇸 Khmer · United States
743
-18
🇹🇷 Franks · Türkiye
636
-13
🇫🇮 Turks · Finland
500
-8
XOnurX
10:18 Loom
12:30 Feudal Age
19:24 Castle Age
18:20 Horse Collar
18:28 Double-Bit Axe
18:40 Gold Mining
18:52 Stone Mining
19:31 Fishing Lines
25:27 Pikeman
Fakir
7:16 Loom
11:04 Feudal Age
16:02 Man-at-Arms
20:02 Castle Age
21:46 Forging
21:42 Scale Barding Armor
22:35 Bloodlines
22:20 Pikeman
24:02 Gold Mining
25:00 Scale Mail Armor
26:02 Wheelbarrow
28:18 Chain Barding Armor
28:35 Iron Casting
DogeDogOfVenice
0:30 Loom
13:36 Feudal Age
14:16 Fishing Lines
14:32 Double-Bit Axe
18:58 Wheelbarrow
25:28 Castle Age
24:22 Scale Mail Armor
24:24 Padded Archer Armor
24:15 Fletching
24:35 Forging
24:31 Scale Barding Armor
26:24 Hand Cart
26:23 Bow Saw
26:48 Squires
27:36 Chain Barding Armor
Klarnetci sofi
12:11 Feudal Age
18:47 Castle Age
17:13 Horse Collar
17:39 Double-Bit Axe
23:16 Fishing Lines
24:15 Gillnets
24:42 Fletching
27:14 Bodkin Arrow
28:45 Padded Archer Armor
Horizon
0:39 Loom
13:12 Feudal Age
16:20 Castle Age
16:38 Double-Bit Axe
vtuläski
16:01 Feudal Age
23:48 Double-Bit Axe
23:56 Stone Mining
23:58 Gold Mining
23:52 Horse Collar
Nahrimed
0:27 Loom
11:52 Feudal Age
14:47 Wheelbarrow
13:59 Town Watch
25:10 Castle Age
23:54 Forging
23:49 Scale Barding Armor
23:43 Stone Mining
25:08 Scale Barding Armor
24:54 Gold Mining
24:53 Double-Bit Axe
25:59 Husbandry
27:28 Hand Cart
bin7299
4:40 Loom
10:56 Feudal Age
12:33 Horse Collar
12:40 Double-Bit Axe
16:27 Wheelbarrow
15:37 Town Watch
18:48 Bloodlines
19:07 Fishing Lines
20:52 Forging
20:54 Scale Barding Armor
Connection lost

Rejoining the realm…

Still unreachable

The connection could not be restored.

Session expired

The server has moved on; the page needs a fresh start.